 Dungeon Crawl Stone Soup version 0.28-a0-1506-g3893175d92 (webtiles) character file.

Game seed: 1849545449012025401

6671 leviel the Cleaver (level 11, -5/99 HPs)
             Began as a Hill Orc Fighter on Jan 13, 2022.
             Was a Priest of Makhleb.
             Slain by a fire giant (11 damage)
             ... on level 10 of the Dungeon.
             The game lasted 00:12:28 (10220 turns).

leviel the Cleaver (Hill Orc Fighter)              Turns: 10220, Time: 00:12:28

Health: -5/99      AC: 23    Str: 22    XL:     11   Next: 3%
Magic:  17/17      EV:  7    Int: 15    God:    Makhleb [***...]
Gold:   756        SH: 11    Dex: 16    Spells: 10/10 levels left

rFire   . . .      SeeInvis .   a - +2 war axe
rCold   . . .      Faith    .   B - +0 kite shield
rNeg    . . .      Spirit   .   l - +5 chain mail of Surprise {rElec}
rPois   .          Reflect  .   G - +0 helmet
rElec   +          Harm     .   (no cloak)
rCorr   .          Rampage  .   (no gloves)
Will    .....                   v - +0 pair of boots
Stlth   ..........              A - amulet of the acrobat
HPRegen 0.26/turn               b - +6 ring of dexterity
MPRegen 0.15/turn               z - ring "Qeklid" {AC+4 Int+5}

@: hasted (expiring), very quick
A: no striking features
a: Renounce Religion, Minor Destruction, Lesser Servant of Makhleb


You were on level 10 of the Dungeon.
You worshipped Makhleb.
Makhleb was most pleased with you.
You visited 1 branch of the dungeon, and saw 10 of its levels.

You collected 756 gold pieces.

Inventory:

Hand Weapons
 a - a +2 war axe (weapon)
 y - a +4 scimitar of flaming
Armour
 l - the +5 chain mail of Surprise (worn) {rElec}
   (You found it on level 2 of the Dungeon)

   rElec:     It insulates you from electricity.
 v - a +0 pair of boots (worn)
 B - a +0 kite shield (worn)
 G - a +0 helmet (worn)
Jewellery
 b - a +6 ring of dexterity (left hand)
 i - a +6 ring of dexterity
 m - a +6 ring of intelligence
 z - the ring "Qeklid" (right hand) {AC+4 Int+5}
   (You acquired it on level 9 of the Dungeon)

   [ring of protection]

   AC:        It affects your AC (+4).
   Int:       It affects your intelligence (+5).
 A - an amulet of the acrobat (around neck)
Wands
 e - a wand of flame (23)
 h - a wand of polymorph (9)
 n - a wand of iceblast (3)
 w - a wand of paralysis (11)
 C - a wand of acid (5)
 E - a wand of charming (4)
Scrolls
 d - a scroll of enchant armour {@r2}
 j - 2 scrolls of noise
 k - 2 scrolls of vulnerability
 p - a scroll of fear
 q - a scroll of blinking
 t - a scroll of identify {@r1}
 D - 2 scrolls of teleportation
Potions
 f - 2 potions of attraction
 g - 3 potions of brilliance
 r - 2 potions of flight
 s - a potion of invisibility
 u - a potion of curing
 x - a potion of cancellation
 F - a potion of heal wounds
Miscellaneous
 H - a lightning rod (4/4)


   Skills:
 + Level 9.9 Fighting
 + Level 10.2 Axes
 + Level 9.1 Armour
 + Level 9.0 Shields
 + Level 8.2 Invocations


You had 10 spell levels left.
You didn't know any spells.
Your spell library contained the following spells:

 Spells                   Type           Power      Damage    Failure   Level
 Call Canine Familiar     Summ           0%         N/A       100%        3
 Portal Projectile        Hex/Tloc       0%         N/A       100%        3
 Stone Arrow              Conj/Erth      0%         3d7       100%        3
 Animate Armour           Summ/Erth      0%         N/A       100%        4
 Leda's Liquefaction      Hex/Erth       0%         N/A       100%        4
 Olgreb's Toxic Radiance  Pois           0%         N/A       100%        4
 Ozocubu's Refrigeration  Ice            0%         4d5       100%        7
 Ignition                 Fire           0%         3d3       100%        8
 Lehudib's Crystal Spear  Conj/Erth      0%         10d2      100%        8


Dungeon Overview and Level Annotations

Branches:
Dungeon (10/15)            Temple (0/1) D:4            Lair (0/6) D:9
    Orc: D:9-12

Altars:
Cheibriados
Elyvilon
Fedhas
Kikubaaqudgha
Makhleb
Ru
Uskayaw

Shops:
D:6 (   D:7 (


Message History

You hit the fire bat. You slash the fire bat!
The fire bat bites you but does no damage.
A fire bat comes into view.
The fire bat bites you but does no damage.
The centaur shoots an arrow.
You block the arrow.
The fire giant gestures at you while chanting.
The bolt of fire hits you!
The bolt of fire hits the fire bat.
The fire bat completely resists.
You block the fire bat's attack.
The fire bat moves out of view.
You hit the fire giant.
The fire giant is moderately wounded.
You hit the fire bat but do no damage. You hit the fire bat.
You block the fire bat's attack.
The fire bat bites you but does no damage.
You block the fire giant's attack.
You slash the fire giant!
The fire giant is heavily wounded.
The fire bat closely misses you. You block the fire bat's attack.
The fire giant hits you with a +2 great sword of flaming!
The fire giant burns you.
You slash the fire giant!
The fire giant is heavily wounded.
You hit the fire bat but do no damage. You closely miss the fire bat.
You block the fire bat's attack.
The fire bat bites you but does no damage.
You hit the fire giant.
The fire giant is heavily wounded.
You hit the fire bat but do no damage. You slash the centaur!
You hit the fire bat.
You kill the fire bat!
Makhleb accepts your kill.
You completely miss the fire bat.
Your extra speed is starting to run out.
The fire bat bites you but does no damage.
You block the fire bat's attack.
The fire bat bites you but does no damage.
The fire giant hits you with a +2 great sword of flaming!!
* * * LOW HITPOINT WARNING * * *
The fire giant burns you!
You die...

.......# .. ......#
.. .....# .#
♣######...# ..#..
♣.....#...####.....8
♣.....#........C...)
♣.....#......#.....8
♣.....#cbC#..# ..#..
♣.......@.#..# .#
♣........b#...# ..
♣.....<...#....# ..
♣.##########.....# .
.......# ........


You could see a fire giant, 2 fire bats and a centaur.

Vanquished Creatures
  Erica (D:8)
  A two-headed ogre (D:9)
  Pikel (D:5)
  Maggie (D:6)
  Sigmund (D:4)
  A shadow (D:9)
  Eustachio (D:5)
  2 wyverns (D:8)
  4 fire bats
  2 steam dragons
  Menkaure (D:4)
  Duvessa (D:5)
  4 orc warriors
  3 ice beasts
  2 sky beasts
  A necrophage (D:6)
  2 centaurs
  4 bullfrogs
  A kobold brigand (D:6)
  2 scorpions
  A water moccasin zombie (D:3)
  Dowan (D:5)
  The ghost of HallandMoats the Skirmisher, a weakling DsFi of Sif Muna (D:3)
  A water moccasin skeleton (D:4)
  8 wights
  9 howler monkeys
  2 centaur zombies
  A hound (D:5)
  2 bullfrog zombies (D:3)
  A jelly (D:5)
  3 orc priests
  A bullfrog skeleton (D:6)
  3 centaur skeletons
  Jessica (D:2)
  2 orc wizards
  A killer bee zombie (D:5)
  12 adders
  A howler monkey skeleton (D:7)
  A shadow imp (D:8)
  An ufetubus (D:6)
  A worm (D:2)
  3 dart slugs
  35 orcs
  8 bats
  5 endoplasms
  4 giant cockroaches
  4 goblins
  9 hobgoblins
  4 jackals (D:4)
  3 quokkas
  9 ball pythons
  7 frilled lizards
  13 kobolds
  4 rats
198 creatures vanquished.

Notes
Turn   | Place    | Note
-------+----------+-------------------------------------------
     0 | D:1      | leviel the Hill Orc Fighter began the quest for the Orb.
     0 | D:1      | Reached XP level 1. HP: 19/19 MP: 1/1
   191 | D:1      | Reached skill level 3 in Axes
   191 | D:1      | Reached XP level 2. HP: 27/27 MP: 2/2
   880 | D:2      | Reached XP level 3. HP: 33/33 MP: 3/3
  1146 | D:2      | Identified the +5 chain mail of Surprise {rElec}
  1254 | D:2      | Noticed Jessica
  1259 | D:2      | Killed Jessica
  1260 | D:2      | Reached XP level 4. HP: 32/41 MP: 4/4
  1797 | D:3      | Found a burning altar of Makhleb.
  1869 | D:3      | Reached skill level 4 in Axes
  1869 | D:3      | Reached XP level 5. HP: 46/47 MP: 5/5
  2073 | D:3      | Reached skill level 5 in Fighting
  2079 | D:3      | Reached XP level 6. HP: 36/56 MP: 6/6
  2123 | D:3      | Became a worshipper of Makhleb the Destroyer
  2642 | D:3      | Found a runed translucent gate.
  2644 | D:3      | Found a runed translucent gate.
  2644 | D:3      | Found a runed translucent gate.
  2647 | D:3      | Noticed HallandMoats's ghost (weakling DsFi)
  2689 | D:3      | Killed HallandMoats's ghost
  2695 | D:3      | Reached skill level 5 in Axes
  2700 | D:3      | Reached skill level 5 in Armour
  2700 | D:3      | Reached skill level 5 in Shields
  2707 | D:3      | Reached XP level 7. HP: 38/61 MP: 7/7
  2935 | D:4      | Found a staircase to the Ecumenical Temple.
  3020 | D:4      | Noticed Sigmund
  3054 | D:4      | Killed Sigmund
  3210 | D:4      | Noticed Menkaure
  3222 | D:4      | Killed Menkaure
  3223 | D:4      | Reached skill level 6 in Axes
  3491 | D:4      | Found a sacrificial altar of Ru.
  3555 | D:4      | Reached * piety under Makhleb
  3752 | D:4      | Reached skill level 1 in Invocations
  3752 | D:4      | Reached XP level 8. HP: 67/70 MP: 8/8
  3808 | D:5      | Entered Level 5 of the Dungeon
  4429 | D:5      | Found a white marble altar of Elyvilon.
  4432 | D:5      | Noticed Dowan
  4465 | D:5      | Noticed Eustachio
  4496 | D:5      | Killed Eustachio
  4714 | D:5      | Reached skill level 7 in Axes
  4773 | D:5      | Noticed Pikel
  4790 | D:5      | Killed Pikel
  4791 | D:5      | Reached XP level 9. HP: 62/79 MP: 10/12
  4944 | D:5      | Noticed Duvessa
  4979 | D:5      | Killed Duvessa
  4985 | D:5      | Killed Dowan
  5236 | D:6      | Noticed Maggie
  5256 | D:6      | Killed Maggie
  5257 | D:6      | Reached skill level 8 in Axes
  5257 | D:6      | Reached skill level 5 in Invocations
  5334 | D:6      | Reached ** piety under Makhleb
  5364 | D:6      | Found Les Seog's Antique Weapon Shoppe.
  6163 | D:7      | Found Posuimant's Weapon Shoppe.
  6509 | D:7      | Reached XP level 10. HP: 84/90 MP: 14/14
  6586 | D:7      | Found a blossoming altar of Fedhas.
  6862 | D:7      | Reached skill level 9 in Axes
  7412 | D:8      | Noticed Erica
  7434 | D:8      | Killed Erica
  7648 | D:8      | Found a snail-covered altar of Cheibriados.
  7970 | D:8      | Reached *** piety under Makhleb
  9068 | D:9      | Found a staircase to the Lair.
  9174 | D:9      | Identified a scroll of acquirement
  9174 | D:9      | Acquired the ring "Qeklid" {AC+4 Int+5}
  9283 | D:9      | Noticed a two-headed ogre
  9290 | D:9      | Killed a two-headed ogre
  9291 | D:9      | Reached skill level 10 in Axes
  9993 | D:9      | Found a hide-covered altar of Uskayaw.
  9993 | D:9      | Found an ancient bone altar of Kikubaaqudgha.
 10176 | D:10     | Entered Level 10 of the Dungeon
 10184 | D:10     | Noticed a fire giant
 10184 | D:10     | Found the +7 great mace "Firestarter" {inner flame, rF++}
 10200 | D:9      | Reached XP level 11. HP: 78/99 MP: 17/17
 10220 | D:10     | Slain by a fire giant

Illustrated notes

Levels and vault maps discovered:
D:1:      dpeg_arrival_rooms_with_view, layout_loops_ring
D:2:      layout_basic, chequers_avenue, grunt_ministairs_3, uniq_jessica
D:3:      layout_loops_ring, bloody_makhleb, gammafunk_ghost_necromancy
D:4:      layout_rooms, nicolae_ru_the_path_less_chosen,
          minmay_temple_entry_antechambers, uniq_menkaure, uniq_sigmund
D:5:      layout_basic, mainiacjoe_overflow_cross_hatched, uniq_eustachio,
          uniq_duvessa, uniq_pikel
D:6:      layout_cave_pools, serial_shops, nicolae_shop_behind_doors,
          enter_ossuary_5, hex_large, uniq_maggie
D:7:      layout_loops_ring, fedhas_altar_fruit_tree, serial_shops,
          nicolae_shop_bloodbath_and_beyond
D:8:      layout_basic, mainiacjoe_overflow_alcove_2, hangedman_decor_opposing,
          minmay_circle_x, uniq_erica
D:9:      layout_loops_ring, gammafunk_temple_overflow_pools, dpeg_oklobed_lair,
          bh_walls_and_bars
D:10:     minmay_firetagon, layout_grid_maze, mainiacjoe_overflow_paths,
          enter_trove_3

Skill      XL: |  1  2  3  4  5  6  7  8  9 10 11 |
---------------+----------------------------------+-----
Axes           | 3 4 5 6 7 8 10 | 10.2
Fighting       | 4 5 6 7 8 9 |  9.9
Armour         | 4 5 6 7 9 |  9.1
Shields        | 4 5 6 7 8 9 |  9.0
Invocations    | 1 4 6 8 |  8.2

Action                   |  1- 3 |  4- 6 |  7- 9 | 10-12 || total
-------------------------+-------+-------+-------+-------++-------
Melee: War axe           |    95 |   146 |   284 |   184 ||   709
       Unarmed           |       |       |     8 |     9 ||    17
Invok: Minor Destruction |       |       |     2 |       ||     2
  Use: Scroll            |     1 |       |    12 |     8 ||    21
       Potion            |       |     1 |     4 |     2 ||     7
 Stab: Confused          |       |       |     1 |       ||     1
Armor: Scale mail        |    55 |       |       |       ||    55
       Chain mail        |       |    98 |   207 |   109 ||   414
Dodge: Dodged            |    47 |    49 |    91 |    66 ||   253
Block: Buckler           |    29 |    39 |    94 |    48 ||   210
       Kite shield       |       |       |       |    45 ||    45

Table legend: (Time is in decaauts)
 A = Elapsed time spent in this place.
 B = Non-inter-level travel time spent in this place.
 C = Inter-level travel time spent in this place.
 D = Time resting spent in this place.
 E = Time spent auto-exploring this place.
 F = Levels seen in this place.
 G = Mean time per level.
                   A        B        C        D        E       F      G
               +--------+--------+--------+--------+--------+-----+--------+
         Total |  10338 |   9909 |    429 |    908 |   7289 |  10 | 1033.8 |
       Dungeon |  10338 |   9909 |    429 |    908 |   7289 |  10 | 1033.8 |
               +--------+--------+--------+--------+--------+-----+--------+

Top non-repeatable levels by time:
     D:8: 1945 daAuts
     D:5: 1432 daAuts
     D:9: 1227 daAuts
     D:3: 1196 daAuts
     D:2: 997 daAuts
     D:4: 962 daAuts
     D:6: 921 daAuts
     D:7: 871 daAuts
     D:1: 756 daAuts
    D:10: 27 daAuts
